Unix NetHack Version 5.0.0-0 post-release - last build Jul 19 2026 19:10:59 (3aa4ab31751d3886436d94b585a96704892fd477,branch:main).

Game began 2026-07-30 16:04:13, ended 2026-07-30 18:01:49.

ChoHag, chaotic male human Wizard

                                                   *#**# *#*#* *      ------
       --                    ----               * #**`*##`##*...     --.--.--
       -.---             -----..-----------     ( *####* .......     |......--
       ....---       --- |.%.........)..).|----........-.|.....|     |.--....|
       -.....|       |.. |...[............|...|...............-      -- |....|
       |.....|       |...-..--|--...^.....|..%|..........|...--       ---..---
        -.<.-      | |...|..|...|..-----..|...|..|-|...|--...|    -----...--
        |...|      |.-----......|--|...|..--+--)[-...........--   |.......| ---
        -.|.|       ........|...|  |(..-.............--..-....|   |>--....--..|
        ..|.|         ......|---|  |...|...[..--|-...|...|....-- --.-|........|
       ---|.|        ---....|(((|+------..{[..|..|..[-)..|.....---...|-......--
    ---   |.|      --|..+...|!((|.............|..|...|...|....:..f...|---...--
    |..-- |.|      |.|..|...|...|-.-.......-+-------------....q@....--  |-..--
    |....--.|      |.-.--...--|-|..|..-|-..........................--  --....--
    |.......|      |..(|...........|.....|----....--------.........|   |......|
    ----....--------..(|..#..............|%%.-....|......|..|.....--   |.....--
       --................[...{........|..|%%.|........._(|-.|.....|    ---..--
        --...-------...-........#.....--------....|......||.|....--      |..|
         |..--     |....))......................).|-----------.---       ----
         ----      |.------.......-----------------          ---
                   ---    #**..-
ChoHag the Thaumaturge    St:25 Dx:13 Co:15 In:18 Wi:9 Ch:9  Chaotic S:9030
Dlvl:7  $:0  HP:0(59) Pw:82(92) AC:3  Xp:8/1940 T:5087  Satiated

Latest messages:
 You see here a gnome corpse.
 Pick a monster, object or location.
 B        a bat or bird (vampire bat)
 The black naga bites!
 You hit the black naga!
 Joe drops a stout spear.
 Joe eats a gnome corpse.
 What do you want to use or apply? [acgkntuwADMOQVW or ?*] c
 In what direction? k
 Status of the black naga (lawful, huge):  Level 8  HP 14(28)  AC 2.
 You miss the black naga.
 The black naga bites!
 The black naga bites!
 The vampire bat bites!
 The vampire bat bites again!
 The vampire bat's bite was poisoned!
 The poison doesn't seem to affect you.
 What do you want to write with? [- adegntuADEVW or ?*] -
 You write in the dust with your fingertip.
 What do you want to write in the dust here? Elbereth
 The black naga turns to flee.
 The vampire bat turns to flee.
 What do you want to write with? [- adegntuADEVW or ?*] -
 Do you want to add to the current engraving? [ynq] (y) n
 You wipe out the message that was written in the dust here.
 You write in the dust with your fingertip.
 What do you want to write in the dust here?  
 Never mind.
 In what direction? k
 The dagger hits the black naga!
 What do you want to write with? [- adegntuADEVW or ?*] -
 You write in the dust with your fingertip.
 What do you want to write in the dust here? Elbereth
 The black naga spits venom!
 You are hit by a splash of venom!
 It burns!
 Wizard, your life force is running out.
 The vampire bat turns to flee.
 You swap places with Joe.
 You see here a stout spear.
 What do you want to use or apply? [acgkntuwADMOQVW or ?*] w
 You produce a strange whistling sound.
 Joe shifts location.
 You climb up the stairs.
 What do you want to use or apply? [acgkntuwADMOQVW or ?*] c
 In what direction? u
 Status of Joe (neutral, small):  Level 9  HP 42(72)  AC 4, tame.
 The crocodile bites!
 The crocodile hits!
 You die...

Inventory:
 Weapons  (')')
  a - a +0 bullwhip
  D - a rusty +0 battle-axe (weapon in hands)
  E - 8 +0 daggers (at the ready)
 Armor    ('[')
  b - an uncursed +0 cloak of magic resistance (being worn)
  F - an uncursed +0 pair of speed boots (being worn)
  H - an uncursed +0 studded leather armor (being worn)
  K - an uncursed +0 dwarvish iron helm (being worn)
  N - an uncursed rusty +0 pair of gauntlets of power (being worn)
 Comestibles  ('%')
  p - an uncursed lichen corpse
  r - an uncursed lizard corpse
 Rings    ('=')
  d - an uncursed ring of poison resistance (on left hand)
  e - an uncursed ring of searching
 Wands    ('/')
  t - a wand of striking (0:3)
  u - a wand of sleep (0:6)
  A - a wand of slow monster (0:7)
  W - a wand of digging (0:3)
 Tools    ('(')
  c - an uncursed stethoscope
  g - an uncursed towel
  k - an uncursed skeleton key
  w - an uncursed magic whistle
  M - an uncursed tooled horn
  O - a +0 pick-axe
  Q - an uncursed magic lamp
 Gems/Stones  ('*')
  n - an uncursed touchstone
  V - an uncursed luckstone

ChoHag the Wizard's attributes:

Background:
 You were a Thaumaturge, a level 8 male human Wizard.
 You were chaotic, on a mission for Anhur
 who was opposed by Ptah (lawful) and Thoth (neutral).
 You were right-handed.
 You were in the Gnomish Mines, on level 7.
 You entered the dungeon 5087 turns ago.
 There was a full moon in effect when your adventure ended.
 You had 1940 experience points, 620 more were needed to attain level 9.
 Your score was 9030 before end-of-game adjustments.

Basics:
 You had 0 out of 59 hit points.
 You had 82 out of 92 energy points (spell power).
 Your armor class was 3.
 Your wallet was empty.
 Autopickup was on for '$!/?"+=' plus thrown.

Final Characteristics:
 Your strength was 25 (base:15, innate limit:18/100).
 Your dexterity was 13 (limit:18).
 Your constitution was 15 (limit:18).
 Your intelligence was 18 (limit:18).
 Your wisdom was 9 (limit:18).
 Your charisma was 9 (limit:18).

Final Status:
 You were satiated.
 You were unencumbered.
 You were wielding an axe.
 You were unskilled in axe and could have enhanced that.

Final Attributes:
 You were piously aligned.
 You were magic-protected.
 You were poison resistant.
 You were telepathic.
 You were warded.
 You were very fast.
 You were lucky.
 You had extra luck.
 Bad luck did not time out for you.
 Good luck did not time out for you.
 You are dead.

Miscellaneous:
 You didn't encounter any bones levels.
 Total elapsed playing time was 1 hour, 57 minutes and 36 seconds.

Major events:
 Turn
    1: ChoHag the chaotic male human Wizard entered the dungeon
 1064: entered the Gnomish Mines
 2100: reached Mine Town
 2133: attained the rank of Conjurer (level 3)
 2910: attained the rank of Thaumaturge (level 6)
 2997: acquired the Mines' End luckstone
 5087: killed by a crocodile

Spells:
 Name                 Level Category     Fail Retention
 force bolt             1   attack        40%   71%-80%
 jumping                1   escape        40%   51%-75%
 light                  1   divination    40%  76%-100%

Skills:
 Fighting Skills
   bare handed combat [Unskilled]
   riding             [Unskilled]
 Weapon Skills
   dagger             [Unskilled]
   knife              [Unskilled]
   axe                [Unskilled]
   short sword        [Unskilled]
   club               [Unskilled]
   mace               [Unskilled]
   quarterstaff       [Basic]
   polearms           [Unskilled]
   spear              [Unskilled]
   trident            [Unskilled]
   sling              [Unskilled]
   dart               [Unskilled]
   shuriken           [Unskilled]
 Spellcasting Skills
   attack spells      [Basic]
   healing spells     [Unskilled]
   divination spells  [Unskilled]
   enchantment spells [Basic]
   clerical spells    [Unskilled]
   escape spells      [Unskilled]
   matter spells      [Unskilled]

Voluntary challenges:
 Character rerolling was not enabled.
 You never genocided any monsters.
 You never polymorphed an object.
 You never changed form.
 You used no wishes.
Achievements:
 You entered a shop.
 You entered the Gnomish Mines.
 You entered Minetown.
 You attained the rank of Conjurer.
 You entered a temple.
 You attained the rank of Thaumaturge.
 You completed the Gnomish Mines.

 The Dungeons of Doom: levels 1 to 5
    Level 1:
       An altar.
    Level 2:
       An armor shop.
    Level 3:
       An armor shop, some fountains.
    Level 4: "open"
       A fountain.
       Stairs down to The Gnomish Mines.
    Level 5:
 The Gnomish Mines: levels 5 to 12
    Level 5:
    Level 6:
    Level 7: <- You were here.
       Many shops, a temple and an altar, some fountains, some trees.
       Final resting place for
          you, killed by a crocodile.
    Level 8:
    Level 9:
    Level 10:
    Level 11:
    Level 12:
       Some fountains.


Vanquished creatures:
  a vampire leader
  a vampire
  a fire giant
  a giant mummy
 an ettin mummy
  a freezing sphere
  a stone giant
  3 ettin zombies
  3 watchmen
  a quivering blob
  a spotted jelly
  a scorpion
  a gnome ruler
  2 orc mummies
  a rust monster
  a lizard
  a dog
  2 ravens
  2 gnome mummies
  a human zombie
  a Woodland-elf
  a rock mole
  2 ponies
  a fog cloud
  2 yellow lights
  a shrieker
 16 gnome leaders
  a gnomish wizard
  a kobold mummy
  a ghoul
  2 giant ants
  2 floating eyes
 17 dwarves
  2 kobold leaders
  6 hill orcs
  a giant bat
 an orc zombie
  4 dwarf zombies
  a werejackal
 an iguana
 an acid blob
  a gas spore
  8 hobbits
  a yellow mold
 53 gnomes
  3 garter snakes
  2 gnome zombies
  2 geckos
  6 jackals
  3 kobolds
  2 goblins
  a sewer rat
  9 grid bugs
  2 lichens
  a kobold zombie
  6 newts
192 creatures vanquished.

No species were genocided or became extinct.

Game over:
                       ----------
                      /          \
                     /    REST    \
                    /      IN      \
                   /     PEACE      \
                  /                  \
                  |      ChoHag      |
                  |       0 Au       |
                  |   killed by a    |
                  |    crocodile     |
                  |                  |
                  |                  |
                  |       2026       |
                 *|     *  *  *      | *
        _________)/\\_//(\/(/\)/\//\/|_)_______

Goodbye ChoHag the Wizard...

You died in The Gnomish Mines on dungeon level 7 with 9030 points,
and 0 pieces of gold, after 5087 moves.
You were level 8 with a maximum of 59 hit points when you died.

